 Seeded DCSS version 0.32-a0-938-g40ac7a0 (webtiles) character file.

Game seed: 1459695861311278033 (custom seed)

52145 araganzar the Covert (level 14, -1/94 HPs)
             Began as a Vampire Hunter on Apr 15, 2024.
             Was a High Priest of Hepliaklqana.
             Slain by a molten gargoyle
             ... wielding a +0 mace
              (5 damage)
             ... while petrified by a basilisk
             ... on level 5 of the Lair of Beasts on Apr 16, 2024.
             The game lasted 03:01:06 (18025 turns).

araganzar the Covert (Vampire Hunter)              Turns: 18025, Time: 03:01:06

Health: -1/94      AC: 15    Str: 15    XL:     14   Next: 26%
Magic:  4/20       EV:  2    Int: 14    God:    Hepliaklqana [*****.]
Gold:   68         SH:  0    Dex: 23    Spells: 2/21 levels left

rFire   . . .        a - +0 dagger (elec)
rCold   + . .        Y - +0 buckler
rNeg    + + +        H - +2 steam dragon scales
rPois   ∞            Z - +1 helmet {SInv}
rElec   .            U - +0 cloak
rCorr   +            i - +0 pair of gloves
SInv    +            c - +1 pair of boots
Will    ++...        k - amulet "Emnesmigh" {Faith ^Contam rPois rN+ rCorr Dex+3}
Stlth   ++++++       M - ring of willpower
HPRegen 0.55/turn    O - ring "Geow Fahaxei" {rC+ Str+5}
MPRegen 0.17/turn

%: faith
@: petrified, healing quickly
A: reduced essence, alive, fangs 3, see invisible, vampiric 2
a: Exsanguinate, Renounce Religion, Recall Ancestor, Ancestor Identity,
Transference, Idealise


You were on level 5 of the Lair of Beasts.
You worshipped Hepliaklqana.
Hepliaklqana was extremely pleased with you.
You visited 3 branches of the dungeon, and saw 17 of its levels.

You collected 815 gold pieces.
You spent 747 gold pieces at shops.


Innate Abilities, Weirdness & Mutations

Your life essence is reduced to manifest your ancestor. (-10% HP)
Your natural rate of healing is accelerated.
You have razor-sharp teeth.
You have supernaturally acute eyesight. (SInv)
You are afflicted with vampirism and can become a bat while bloodless.


   Skills:
 - Level 8.0 Fighting
 - Level 10.0 Short Blades
 - Level 2.0 Maces & Flails
 - Level 3.2 Ranged Weapons
 - Level 5.8 Armour
 - Level 12.0 Dodging
 - Level 14.4 Stealth
 - Level 5.0 Shields
 - Level 4.0 Spellcasting
 - Level 12.0 Hexes
 - Level 4.0 Translocations
 + Level 6.4 Ice Magic
 - Level 6.0 Invocations
 - Level 2.0 Evocations


You had 2 spell levels left.
You knew the following spells:

 Your Spells              Type           Power      Damage    Failure   Level
a - Tukima's Dance        Hex            36%        N/A       1%          3
b - Blink                 Tloc           28%        N/A       7%          2
c - Lesser Beckoning      Tloc           28%        N/A       7%          2
d - Freeze                Ice            80%        1d9       1%          1
e - Metabolic Englaciati  Hex/Ice        14%        N/A       16%         5
f - Frozen Ramparts       Ice            40%        1d7       5%          3
A - Ozocubu's Armour      Ice            20%        N/A       5%          3

Your spell library contained the following spells:

 Spells                   Type           Power      Damage    Failure   Level
 Momentum Strike          Conj/Tloc      16%        3d8       16%         2
 Summon Small Mammal      Summ           8%         N/A       24%         1
 Dimensional Bullseye     Hex/Tloc       12%        N/A       9%          4
 Fugue of the Fallen      Necr           2%         N/A       58%         3
 Iskenderun's Mystic Bla Conj/Tloc 8%             2d4        (+2d1     71%         4
 Animate Dead             Necr           2%         N/A       94%         4
 Brom's Barrelling Bould  Conj/Erth      2%         2d3       94%         4
 Leda's Liquefaction      Alch/Erth      1%         N/A       94%         4
 Petrify                  Alch/Erth      2%         N/A       94%         4
 Freezing Cloud           Conj/Ice/Air   4%         6-21      96%         5
 Borgnjor's Vile Clutch   Necr/Erth      1%         N/A       100%        5
 Fireball                 Conj/Fire      1%         3d3       100%        5
 Iskenderun's Battlesphe  Conj           2%         2d6       100%        5
 Conjure Ball Lightning   Conj/Air       1%         3x3d6     100%        6
 Death Channel            Necr           1%         N/A       100%        6
 Summon Cactus Giant      Summ           1%         N/A       100%        6
 Manifold Assault         Tloc           7%         N/A       100%        7
 Orb of Destruction       Conj           1%         9d5       100%        7
 Spellforged Servitor     Conj/Summ      1%         N/A       100%        7

Inventory:

Hand Weapons
 a - a +0 dagger of electrocution (weapon)
   (You took it off a goblin on level 4 of the Dungeon)
 b - a +0 orcbow
   (You took it off a centaur on level 5 of the Dungeon)
 f - a +2 dagger of venom
   (You took it off a wight on level 9 of the Dungeon)
 y - the +6 falchion "Taymn" {heavy, rF+ rCorr Dex+6}
   (You found it on level 3 of the Lair of Beasts)

   Dex+6:     It affects your dexterity (+6).
   rF+:       It protects you from fire.
   rCorr:     It protects you from acid and corrosion.
Missiles
 E - 2 throwing nets {=f, !d}
 S - 6 javelins
 W - 5 curare-tipped darts
Armour
 c - a +1 pair of boots (worn)
   (You found it on level 1 of the Dungeon)
 i - a +0 pair of gloves (worn)
   (You found it on level 4 of the Dungeon)
 t - a +2 leather armour of fire resistance
   (You took it off Ijyb on level 5 of the Dungeon)
 H - +2 steam dragon scales (worn)
   (You found it on level 8 of the Dungeon)
 U - a +0 cloak (worn)
   (You bought it in a shop on level 11 of the Dungeon)
 Y - a +0 buckler (worn)
   (You found it on level 1 of the Lair of Beasts)
 Z - a +1 helmet of see invisible (worn)
   (You bought it in a shop on level 11 of the Dungeon)
Jewellery
 k - the amulet "Emnesmigh" (around neck) {Faith ^Contam rPois rN+ rCorr Dex+3}
   (You acquired it on level 4 of the Dungeon)

   [amulet of faith]

   Faith:     It allows you to gain divine favour quickly.
   Dex+3:     It affects your dexterity (+3).
   rPois:     It protects you from poison.
   rN+:       It protects you from negative energy.
   ^Contam:   It causes magical contamination when unequipped.
   rCorr:     It protects you from acid and corrosion.
 l - a ring of protection from fire {rF+, !d}
   (You found it on level 2 of the Dungeon)
 M - a ring of willpower (left hand)
   (You found it on level 8 of the Dungeon)
 O - the ring "Geow Fahaxei" (right hand) {rC+ Str+5}
   (You took it off an orc warrior on level 8 of the Dungeon)

   [ring of protection from cold]

   Str+5:     It affects your strength (+5).
   rC+:       It protects you from cold.
 R - a ring of ice {rC+, rF-}
   (You found it on level 11 of the Dungeon)
Wands
 r - a wand of mindburst (19)
   (You took it off an orc warrior on level 8 of the Dungeon)
 A - a wand of acid (19)
   (You took it off an orc on level 4 of the Dungeon)
 C - a wand of roots (7)
   (You found it on level 6 of the Dungeon)
 L - a wand of digging (9)
   (You found it on level 9 of the Dungeon)
Scrolls
 h - a scroll of revelation
 n - 3 scrolls of teleportation
 z - 2 scrolls of fog
 D - a scroll of silence
 J - a scroll of poison
 N - 2 scrolls of blinking {!r}
Potions
 d - 2 potions of magic
 e - 2 potions of invisibility
 g - 4 potions of lignification {!q}
 m - 3 potions of heal wounds
 p - a potion of attraction {!q}
 q - a potion of cancellation
 s - a potion of haste
 u - 4 potions of curing
 v - 4 potions of brilliance
 B - 2 potions of might
 G - 2 potions of resistance
 I - a potion of enlightenment
 Q - a potion of mutation {!q}
 X - a potion of ambrosia

.# ..... ≈.
#≈≈ .... §≈
§≈▒ .... ▒≈
§§▒▒++▒▒≈
#§≈..§§
##§§§.S
###..§§9##
#....l§@.#
......lk.#
.....R....§
#.........##
ß.........ß
##........##
#
.......#ß#ß
## ≈≈....#
#### ### #
.#### ##.###


You could see the friendly smooveb the hexer, 2 basilisks, a molten gargoyle, a
wyvern (slow, ally target) and a lava snake.


Message History

The molten gargoyle hits you with a +0 mace.
You are engulfed in flames!
The wyvern bites you!
* * * LOW HITPOINT WARNING * * *
Smooveb gestures at the wyvern while chanting.
The wyvern seems to slow down.
The molten gargoyle hits you with a +0 mace!
* * * LOW HITPOINT WARNING * * *
You are engulfed in flames!
* * * LOW HITPOINT WARNING * * *
The wyvern bites you.
Smooveb hits the basilisk with a +0 dagger of draining.
Smooveb drains the basilisk.
The molten gargoyle hits you with a +0 mace.
* * * LOW HITPOINT WARNING * * *
You are engulfed in flames!
* * * LOW HITPOINT WARNING * * *
The basilisk bites you.
* * * LOW HITPOINT WARNING * * *
The wyvern bites you.
* * * LOW HITPOINT WARNING * * *
Smooveb hits the basilisk with a +0 dagger of draining!
Smooveb drains the basilisk.
The basilisk gazes at you. You resist with almost no effort.
The molten gargoyle hits you with a +0 mace!
* * * LOW HITPOINT WARNING * * *
You are engulfed in flames!
You die...
Hepliaklqana delivers you to your ancestors.

Action                     |  1- 3 |  4- 6 |  7- 9 | 10-12 | 13-15 || total
---------------------------+-------+-------+-------+-------+-------++-------
  Melee: Dagger            |       |    42 |   275 |   619 |   511 ||  1447
         Bite              |       |     8 |    39 |   111 |   111 ||   269
         Whip              |       |    10 |       |       |       ||    10
         Falchion          |       |       |     3 |     5 |       ||     8
   Fire: Shortbow          |   129 |    90 |     9 |       |       ||   228
         Orcbow            |       |       |     6 |     8 |       ||    14
  Throw: Dart              |       |    15 |     1 |     3 |       ||    19
   Cast: Frozen Ramparts   |       |       |       |       |    22 ||    22
         Blink             |       |       |       |       |     5 ||     5
         Ozocubu's Armour  |       |       |       |       |     6 ||     6
         Tukima's Dance    |       |       |       |       |     3 ||     3
 Invoke: Ancestor Identity |       |     1 |       |       |       ||     1
         Recall Ancestor   |       |       |     4 |     2 |     7 ||    13
         Ancestor Life: He |       |       |     1 |       |       ||     1
         Idealise          |       |       |       |       |     5 ||     5
Ability: Exsanguinate      |     1 |       |       |       |     1 ||     2
         Revivify          |     1 |       |       |       |       ||     1
  Evoke: Wand              |       |     3 |       |     9 |     6 ||    18
    Use: Potion            |     3 |     2 |       |     1 |     1 ||     7
         Scroll            |       |     9 |     6 |     6 |     7 ||    28
   Stab: Distracted        |       |       |     7 |    12 |    17 ||    36
         Confused          |       |       |     5 |    27 |    15 ||    47
         Sleeping          |       |       |     6 |     7 |     6 ||    19
 Armour: Leather armour    |    27 |    51 |    92 |       |       ||   170
         Steam dragon scal |       |       |    21 |    16 |    87 ||   124
         Ring mail         |       |       |       |   193 |   138 ||   331
  Dodge: Dodged            |    27 |    38 |   136 |   269 |   330 ||   800
  Block: Buckler           |       |       |       |       |   126 ||   126

Levels and vault maps discovered:
D:1:      ebering_hopf_link, layout_basic, serial_shops,
          nicolae_shop_behind_doors, serial_bayou_lagoon_a,
          chequers_serial_rivers_micro_b
D:2:      layout_basic, ebering_ecumenical_altar_petrified, nrook_campfire,
          lightli_corner_chamber
D:3:      layout_loops_ring, minivault_25, minmay_misc_feat_tiny, dk_vineyard_2,
          serial_park_tiny_2
D:4:      layout_loops_corners, minmay_temple_entry_mist, roderic_batcave,
          nicolae_nh_ransacked_shop, uniq_eustachio
D:5:      layout_gridville, corexii_checkpoint, uniq_ijyb, uniq_edmund
D:6:      layout_rooms, chequers_temple_overflow_statue_of_worship,
          amcnicky_mini_rare_corridor_liquid
D:7:      layout_basic, okawaru_trees_2, serial_shops, nicolae_diamond_shop,
          hellmonk_ghost_happy_afterlife
D:8:      layout_loops_ring, serial_shops, nicolae_shop_rolled_up,
          nicolae_benzene_ring, uniq_prince_ribbit1, uniq_maggie, uniq_joseph,
          uniq_jeremiah
D:9:      layout_cave_pods, nicolae_overflow_quartered_altars,
          david_lair_shrubbed, hiddenorc1_lemuel, hangedman_decor_diamond_cutter
D:10:     layout_basic
D:11:     layout_rooms, serial_shops, shop
Temple:   compressed_dpeg_circular_temple
Lair:1:   layout_regular_city, lemuel_oklob_altar
Lair:2:   gammafunk_lair_enchanted_lake, layout_gridlike, ebering_ghost_xom,
          st_stairs_4, uniq_sonja
Lair:3:   layout_cave_shapes, minmay_swamp_entry_reptiles,
          nicolae_spider_entry_tight_spaces
Lair:4:   layout_regular_city, cheibrodos_lair_reptile_den, uniq_josephine
Lair:5:   cheibrodos_lair_end_hotspot, layout_layer_cave, slime_entry_1,
          uniq_kirke

Notes
Turn   | Place    | Note
-------+----------+-------------------------------------------
     0 | D:1      | araganzar the Vampire Hunter began the quest for the Orb.
     0 | D:1      | Reached XP level 1. HP: 16/16 MP: 1/1
    41 | D:1      | Reached skill level 2 in Fighting
   121 | D:1      | Reached skill level 1 in Short Blades
   155 | D:1      | Reached XP level 2. HP: 19/19 MP: 2/2
   222 | D:1      | Found Zunolube's Distillery.
   231 | D:1      | Reached skill level 2 in Short Blades
   391 | D:1      | Gained mutation: You are afflicted with vampirism and can
                  | become a bat while bloodless. [Vampire growth]
   391 | D:1      | Reached XP level 3. HP: 24/24 MP: 3/3
   405 | D:1      | araganzar: !subscribemeem
   405 | D:1      | araganzar: !subscribebeem
   405 | D:1      | araganzar: !beem
   405 | D:1      | araganzar: ~meem
   405 | D:1      | araganzar: !help
   405 | D:1      | araganzar: ?help
   405 | D:1      | araganzar: @beem
   608 | D:1      | Reached skill level 3 in Short Blades
  1028 | D:2      | Reached XP level 4. HP: 25/29 MP: 4/4
  1129 | D:2      | Reached skill level 4 in Short Blades
  1614 | D:2      | Found a faded altar of an unknown god.
  1867 | D:1      | Bought a potion of heal wounds for 50 gold pieces
  1867 | D:1      | Bought a potion of attraction for 30 gold pieces
  2579 | D:4      | Reached skill level 3 in Dodging
  2582 | D:4      | Identified a scroll of acquirement
  2582 | D:4      | Acquired the amulet "Emnesmigh" {Faith ^Contam rPois rN+
                  | rCorr Dex+3}
  2598 | D:4      | Found a staircase to the Ecumenical Temple.
  2600 | D:4      | Noticed a phantom
  2627 | D:4      | Reached XP level 5. HP: 36/38 MP: 5/5
  2672 | Temple   | Entered the Ecumenical Temple
  2688 | Temple   | Became a worshipper of Hepliaklqana the Forgotten
  2738 | D:4      | Reached skill level 1 in Maces & Flails
  2738 | D:4      | Reached skill level 3 in Stealth
  2862 | D:4      | Killed a phantom
  2863 | D:4      | Reached skill level 4 in Stealth
  2863 | D:4      | Reached XP level 6. HP: 44/44 MP: 6/6
  3001 | D:4      | Reached skill level 2 in Maces & Flails
  3258 | D:5      | Entered Level 5 of the Dungeon
  3301 | D:4      | Reached skill level 5 in Stealth
  3303 | D:4      | Reached skill level 3 in Fighting
  3472 | D:4      | Reached skill level 5 in Short Blades
  3651 | D:4      | Reached * piety under Hepliaklqana
  3792 | D:4      | Noticed Eustachio
  3809 | D:4      | Killed Eustachio
  3810 | D:4      | Reached skill level 6 in Short Blades
  3810 | D:4      | Reached XP level 7. HP: 36/46 MP: 7/7
  4187 | D:5      | Reached ** piety under Hepliaklqana
  4188 | D:5      | Remembered your ancestor smooveb as a hexer
  4201 | D:5      | Reached skill level 4 in Dodging
  4240 | D:5      | You fall into a shaft and drop 1 floor!
  4272 | D:6      | Reached skill level 7 in Short Blades
  4365 | D:5      | Reached XP level 8. HP: 44/52 MP: 8/8
  4414 | D:5      | Reached skill level 8 in Short Blades
  4417 | D:5      | Learned a level 2 spell: Blink
  4470 | D:5      | Noticed Edmund
  4480 | D:5      | Killed Edmund
  4544 | D:5      | Reached skill level 6 in Stealth
  4681 | D:5      | Noticed Ijyb
  4690 | D:5      | Killed Ijyb
  5012 | D:1      | Bought 2 potions of might for 80 gold pieces
  5119 | D:6      | Reached skill level 4 in Fighting
  5131 | D:6      | Reached skill level 7 in Stealth
  5131 | D:6      | Found a stormy altar of Qazlal.
  5133 | D:6      | Found a blossoming altar of Fedhas.
  5148 | D:6      | Reached skill level 8 in Stealth
  5244 | D:6      | Found an ancient bone altar of Kikubaaqudgha.
  5574 | D:7      | Found a runed translucent door.
  5590 | D:6      | Reached skill level 1 in Spellcasting
  5600 | D:6      | Reached skill level 5 in Fighting
  5600 | D:6      | Reached skill level 1 in Translocations
  5613 | D:7      | Noticed selexin's ghost (novice BaBr)
  5650 | D:7      | Reached skill level 2 in Spellcasting
  5650 | D:7      | Reached XP level 9. HP: 61/61 MP: 10/12
  5764 | D:7      | Reached skill level 5 in Dodging
  5806 | D:7      | Found Ecezougg's Distillery.
  5812 | D:7      | Bought a potion of degeneration for 12 gold pieces
  5812 | D:7      | Bought a potion of lignification for 36 gold pieces
  5875 | D:7      | Found an iron altar of Okawaru.
  5886 | D:7      | Reached skill level 6 in Dodging
  6025 | D:7      | Reached skill level 2 in Translocations
  6027 | D:7      | Reached skill level 1 in Armour
  6136 | D:7      | Reached *** piety under Hepliaklqana
  6183 | D:7      | Reached skill level 2 in Armour
  6696 | D:8      | Noticed Jeremiah
  6715 | D:8      | Killed Jeremiah
  6824 | D:8      | Found Teiliynk's Magic Scroll Emporium.
  6827 | D:8      | Bought a scroll of poison for 56 gold pieces
  6913 | D:8      | Reached skill level 9 in Stealth
  6995 | D:8      | Reached skill level 7 in Dodging
  7262 | D:8      | Noticed Prince Ribbit
  7309 | D:8      | Noticed Joseph
  7333 | D:8      | Reached XP level 10. HP: 66/66 MP: 13/13
  7342 | D:8      | Reached skill level 9 in Short Blades
  7383 | D:8      | Killed Joseph
  7384 | D:8      | Reached skill level 10 in Stealth
  7388 | D:8      | Killed Prince Ribbit
  7523 | D:8      | Identified the ring "Geow Fahaxei" {rC+ Str+5}
  7551 | D:8      | Noticed Maggie
  7559 | D:8      | Killed Maggie
  7560 | D:8      | Reached skill level 8 in Dodging
  7625 | D:8      | Reached **** piety under Hepliaklqana
  7804 | D:9      | Reached skill level 3 in Armour
  7807 | D:9      | Reached skill level 10 in Short Blades
  7810 | D:9      | Found a sparkling altar of Nemelex Xobeh.
  7911 | D:9      | Reached skill level 1 in Evocations
  8046 | D:9      | Noticed a two-headed ogre
  8056 | D:9      | Killed a two-headed ogre
  8057 | D:9      | Reached skill level 2 in Evocations
  8147 | D:9      | Reached skill level 6 in Fighting
  8314 | D:9      | Found a staircase to the Lair.
  8456 | D:9      | Reached skill level 11 in Stealth
  8535 | D:8      | Reached skill level 9 in Dodging
  8740 | D:8      | Reached XP level 11. HP: 69/72 MP: 14/14
  8850 | D:9      | Noticed a two-headed ogre
  8856 | D:9      | Killed a two-headed ogre
  8857 | D:9      | Reached skill level 12 in Stealth
  8969 | D:9      | Found a staircase to the Orcish Mines.
  9214 | D:9      | Found a shimmering altar of Xom.
  9246 | D:9      | Reached skill level 10 in Dodging
  9574 | D:10     | Entered Level 10 of the Dungeon
  9734 | D:10     | Got Zamutos's Volume of Adjuration and Congelation
  9752 | D:10     | Reached skill level 7 in Fighting
  9861 | D:10     | Reached ***** piety under Hepliaklqana
  9886 | D:10     | Noticed a two-headed ogre
  9914 | D:10     | Killed a two-headed ogre
 10030 | D:10     | Learned a level 3 spell: Tukima's Dance
 10343 | D:11     | Noticed a boulder beetle
 10362 | D:11     | Killed a boulder beetle
 10363 | D:11     | Reached skill level 8 in Fighting
 10363 | D:11     | Reached skill level 2 in Hexes
 10434 | D:11     | Reached skill level 3 in Hexes
 10459 | D:11     | Found Ziovvos's Armour Shoppe.
 10462 | D:11     | Bought a +0 cloak for 63 gold pieces
 10760 | Lair:1   | Entered Level 1 of the Lair of Beasts
 10760 | Lair:1   | Noticed an oklob plant
 10760 | Lair:1   | Found a shimmering blue altar of Sif Muna.
 10764 | Lair:1   | Reached skill level 4 in Hexes
 10781 | Lair:1   | Reached skill level 3 in Spellcasting
 10822 | Lair:1   | Reached skill level 5 in Hexes
 10922 | Lair:1   | Reached skill level 1 in Invocations
 10978 | Lair:1   | Reached skill level 3 in Translocations
 10996 | Lair:1   | Reached skill level 2 in Invocations
 11166 | Lair:1   | Reached skill level 4 in Translocations
 11185 | Lair:1   | Reached XP level 12. HP: 57/82 MP: 16/16
 11193 | Lair:1   | Reached skill level 4 in Armour
 11436 | Lair:1   | Reached skill level 5 in Armour
 11849 | Lair:1   | Reached skill level 13 in Stealth
 12001 | Lair:2   | Noticed a boulder beetle
 12113 | Lair:2   | Noticed a death yak
 12113 | Lair:2   | Noticed a death yak
 12114 | Lair:2   | Noticed a death yak
 12115 | Lair:2   | Noticed a death yak
 12115 | Lair:2   | Noticed a death yak
 12116 | Lair:2   | Noticed a death yak
 12144 | Lair:1   | Killed a death yak
 12182 | Lair:2   | Reached skill level 14 in Stealth
 12203 | Lair:2   | Noticed Sonja
 12213 | Lair:2   | Killed Sonja
 12352 | Lair:2   | Reached skill level 3 in Invocations
 12539 | D:9      | Killed a death yak
 12573 | Lair:2   | Noticed a boulder beetle
 12584 | Lair:2   | Killed a boulder beetle
 12585 | Lair:2   | Reached skill level 4 in Invocations
 12652 | Lair:2   | Reached skill level 5 in Invocations
 12695 | Lair:2   | Reached skill level 6 in Hexes
 12705 | Lair:2   | Killed a boulder beetle
 12727 | Lair:2   | Found a runed translucent door.
 12728 | Lair:2   | Found a shimmering altar of Xom.
 12728 | Lair:2   | Noticed brinewave's ghost (journeyman MfSh)
 12728 | Lair:2   | Identified the +8 demon whip of the Tiger {chaos, Int+4}
 12839 | Lair:2   | Noticed a dire elephant
 12839 | Lair:2   | Noticed a dire elephant
 12859 | Lair:2   | Found a runed translucent door.
 12938 | Lair:2   | Killed a death yak
 12939 | Lair:2   | Reached skill level 4 in Spellcasting
 12947 | Lair:2   | Killed a death yak
 12950 | Lair:2   | Killed a death yak
 12954 | Lair:2   | Killed a death yak
 12955 | Lair:2   | Reached XP level 13. HP: 67/88 MP: 19/19
 13639 | D:11     | Bought a +1 helmet of see invisible for 231 gold pieces
 13753 | Lair:3   | Reached skill level 1 in Shields
 13780 | Lair:2   | Reached skill level 2 in Shields
 13824 | Lair:3   | Reached skill level 3 in Shields
 13984 | Lair:2   | Reached skill level 4 in Shields
 14197 | Lair:2   | Reached skill level 5 in Shields
 14201 | Lair:2   | Learned a level 3 spell: Ozocubu's Armour
 14205 | Lair:2   | Learned a level 3 spell: Frozen Ramparts
 14207 | Lair:2   | Learned a level 1 spell: Freeze
 14210 | Lair:2   | Learned a level 2 spell: Lesser Beckoning
 14305 | Lair:2   | Reached skill level 1 in Ice Magic
 14305 | Lair:2   | Reached skill level 6 in Invocations
 14309 | Lair:2   | Reached skill level 2 in Ice Magic
 14410 | Lair:2   | Reached skill level 3 in Ice Magic
 14615 | Lair:3   | Reached skill level 4 in Ice Magic
 14622 | Lair:3   | Reached skill level 7 in Hexes
 14667 | Lair:3   | Identified the +6 falchion "Taymn" {heavy, rF+ rCorr Dex+6}
 14683 | Lair:3   | Found a staircase to the Swamp.
 14766 | Lair:3   | Reached skill level 8 in Hexes
 14781 | Lair:3   | Reached skill level 5 in Ice Magic
 14879 | Lair:3   | Found a hole to the Spider Nest.
 15275 | Lair:4   | Reached skill level 6 in Ice Magic
 15288 | Lair:4   | Reached skill level 11 in Dodging
 15620 | Lair:4   | Reached ****** piety under Hepliaklqana
 15835 | Lair:4   | Noticed Josephine
 16230 | D:8      | Bought a scroll of enchant armour for 105 gold pieces
 16230 | D:8      | Bought a scroll of identify for 28 gold pieces
 16230 | D:8      | Bought a scroll of vulnerability for 56 gold pieces
 17203 | Lair:5   | Entered Level 5 of the Lair of Beasts
 17203 | Lair:5   | Noticed Kirke
 17228 | Lair:5   | Reached skill level 12 in Dodging
 17386 | Lair:5   | Reached skill level 9 in Hexes
 17386 | Lair:5   | Reached XP level 14. HP: 83/94 MP: 20/20
 17583 | Lair:5   | Learned a level 5 spell: Metabolic Englaciation
 17650 | Lair:5   | Reached skill level 10 in Hexes
 17768 | Lair:4   | Killed Josephine
 17821 | Lair:5   | Found a staircase to the Slime Pits.
 17923 | Lair:5   | Reached skill level 11 in Hexes
 18003 | Lair:5   | Reached skill level 12 in Hexes
 18020 | Lair:5   | Found a large runed translucent door.
 18020 | Lair:5   | Found a large runed translucent door.
 18025 | Lair:5   | HP: 9/94 [wyvern (1)]
 18025 | Lair:5   | HP: 4/94 [molten gargoyle/+0 mace (5)]
 18025 | Lair:5   | Slain by a molten gargoyle

Vanquished Creatures
  Josephine (Lair:4)
  3 boulder beetles
  3 two-headed ogres
  10 death yaks
  Sonja (Lair:2)
  A skyshark (Lair:2)
  12 elephants
  A black mamba (Lair:5)
  A molten gargoyle (Lair:5)
  Jeremiah (D:8)
  Maggie (D:8)
  7 cane toads
  6 komodo dragons
  3 rime drakes
  A troll (D:9)
  4 polar bears
  3 dream sheep (Lair:2)
  6 blink frogs
  3 culicivoras (Lair:3)
  A vampire (D:9)
  4 wyverns
  29 yaks
  4 wraiths
  Eustachio (D:4)
  2 basilisks (Lair:2)
  3 hogs (Lair:4)
  2 redbacks (Lair:3)
  A steam dragon (D:8)
  3 vampire mosquitoes
  2 acid dragons
  A hell hound (Lair:5)
  12 water moccasins
  A sky beast (D:8)
  2 orc warriors
  3 wolves (Lair:5)
  An ogre (D:5)
  2 phantoms (D:4)
  8 bullfrogs
  2 kobold brigands
  A gnoll sergeant (D:9)
  2 scorpions
  16 wights
  11 killer bees
  5 howler monkeys
  A bombardier beetle (D:4)
  A gnoll bouda (D:5)
  A hound (D:5)
  A jelly (D:7)
  7 orc priests
  2 sleepcaps
  9 orc wizards
  4 iguanas
  Ijyb (D:5)
  6 hell rats (Lair:5)
  9 gnolls
  5 adders
  2 shadow imps
  A white imp (D:7)
  2 ufetubi (D:6)
  3 ribbon worms (D:2)
  2 dart slugs
  26 orcs
  11 bats
  8 endoplasms
  5 giant cockroaches
  11 goblins
  7 hobgoblins
  3 quokkas
  4 ball pythons
  4 frilled lizards
  9 kobolds
  5 rats
337 creatures vanquished.

Vanquished Creatures (collateral kills)
  8 death yaks
  A lindwurm (Lair:5)
  An oklob plant (Lair:1)
  4 elephants
  Joseph (D:8)
  A black mamba (Lair:1)
  2 cane toads
  A rime drake (Lair:3)
  3 komodo dragons
  A polar bear (Lair:3)
  A jumping spider (Lair:3)
  Prince Ribbit (D:8)
  3 blink frogs
  4 dream sheep (Lair:2)
  A wraith (Lair:4)
  A wyvern (Lair:5)
  11 yaks
  A vampire mosquito (D:9)
  A redback (Lair:3)
  Edmund (D:5)
  10 water moccasins
  A swamp drake (Lair:3)
  An orc warrior (D:9)
  A sky beast (D:8)
  An ice beast (D:8)
  2 ogres (D:6)
  3 wolves
  A centaur (D:5)
  A scorpion (D:7)
  A bullfrog (Lair:4)
  A wight (D:6)
  5 killer bees (D:8)
  2 orc priests
  2 iguanas
  4 orc wizards
  A hell rat (Lair:5)
  An adder (D:4)
  8 gnolls
  A dart slug (D:4)
  11 orcs
  A goblin (D:5)
  A kobold (D:8)
108 creatures vanquished.

Vanquished Creatures (others)
  A dancing weapon (Lair:5)
  16 hexers
  An orc (D:4)
18 creatures vanquished.

Grand Total: 463 creatures vanquished
